MLB
KANSAS CITY ROYALS @ NEW YORK (A) YANKEES
06/13/2041
 
TOP OF THE 1ST
Kansas City Royals batting - Pitching for New York (A) Yankees : RHP António Dueñas
Pitching: RHP António Dueñas
Batting: LHB Kade Brown 0-0: Called Strike
0-1: Ball
1-1: Ball
2-1: Called Strike
2-2: Ground out U3 (Groundball, 34S, EV 90.0 MPH)
Batting: SHB Joseph Tornatore 0-0: Called Strike
0-1: Ground out 4-3 (Groundball, 4, EV 88.8 MPH)
Batting: LHB Luis Díaz 0-0: Called Strike
0-1: Ball
1-1: Swinging Strike
1-2: Strikes out swinging
Top of the 1st over - 0 runs, 0 hits, 0 errors, 0 left on base; Kansas City 0 - New York (A) 0
BOTTOM OF THE 1ST
New York (A) Yankees batting - Pitching for Kansas City Royals : RHP Ed Bunney
Pitching: RHP Ed Bunney
Batting: LHB Johnny Erwin 0-0: Ball
1-0: Ball
2-0: Foul Ball, location: 3SF
2-1: Fly out, F8 (Line Drive, 8RM, EV 103.1 MPH)
Batting: LHB Esteban Morán 0-0: SINGLE (Flyball, 5D, EV 95.6 MPH)
Batting: LHB Derek Allen 0-0: Ball
1-0: Fly out, F7 (Flyball, 7LM, EV 80.6 MPH)
Batting: SHB Rodrigo López 0-0: Called Strike
0-1: Ball
Esteban Morán steals 2nd base
1-1: Ball
2-1: Foul Ball, location: 7LMF
2-2: Strikes out swinging
Bottom of the 1st over - 0 runs, 1 hit, 0 errors, 1 left on base; Kansas City 0 - New York (A) 0
TOP OF THE 2ND
Kansas City Royals batting - Pitching for New York (A) Yankees : RHP António Dueñas
Batting: LHB Joe Jacobson 0-0: Ball
1-0: Called Strike
1-1: Foul Ball, location: 5SF
1-2: Foul Ball, location: 5DF
1-2: Ball
2-2: Ball
3-2: Foul Ball, location: 7LMF
3-2: Fly out, F9 (Flyball, 9, EV 91.9 MPH)
Batting: LHB Tomás Rodríguez 0-0: Called Strike
0-1: Fly out, F8 (Flyball, 8LM, EV 91.3 MPH)
Batting: RHB Jerry Hodge 0-0: Swinging Strike
0-1: Foul Ball, location: 7LMF
0-2: Strikes out looking
Top of the 2nd over - 0 runs, 0 hits, 0 errors, 0 left on base; Kansas City 0 - New York (A) 0
BOTTOM OF THE 2ND
New York (A) Yankees batting - Pitching for Kansas City Royals : RHP Ed Bunney
Batting: RHB Gene Russell 0-0: Called Strike
0-1: Ground out U3 (Groundball, 3S, EV 71.9 MPH)
Batting: RHB Benjamim Futscher 0-0: Ball
1-0: Ground out 5-3 (Groundball, 56, EV 105.6 MPH)
Batting: RHB Ron Washington 0-0: Ball
1-0: Ball
2-0: Called Strike
2-1: Ground out 5-3 (Groundball, 56S, EV 78.8 MPH)
Bottom of the 2nd over - 0 runs, 0 hits, 0 errors, 0 left on base; Kansas City 0 - New York (A) 0
TOP OF THE 3RD
Kansas City Royals batting - Pitching for New York (A) Yankees : RHP António Dueñas
Batting: LHB Len Donovan 0-0: Called Strike
0-1: Ball
1-1: Ball
2-1: Foul Ball, location: 9LMF
2-2: DOUBLE (Line Drive, 89D, EV 101.3 MPH)
Batting: LHB Curt Watts 0-0: Fly out, F5 (Popup, 56S, EV 74.4 MPH)
Batting: RHB Humberto Benizi 0-0: Ball
1-0: Foul Ball, location: 3F
1-1: Ball
2-1: Foul Ball, location: 3F
2-2: Foul Ball, location: 2LF
2-2: Ball
3-2: Fly out, F3 (Popup, 34, EV 56.9 MPH)
Batting: LHB Kade Brown 0-0: Ground out 6-3 (Groundball, 6, EV 80.0 MPH)
Top of the 3rd over - 0 runs, 1 hit, 0 errors, 1 left on base; Kansas City 0 - New York (A) 0
BOTTOM OF THE 3RD
New York (A) Yankees batting - Pitching for Kansas City Royals : RHP Ed Bunney
Batting: RHB Juan Colón 0-0: Ground out 4-3 (Groundball, 4, EV 89.4 MPH)
Batting: RHB José Mendoza 0-0: Called Strike
0-1: Ball
1-1: Ball
2-1: Ground out 5-3 (Groundball, 56, EV 78.1 MPH)
Batting: LHB Johnny Erwin 0-0: Called Strike
0-1: Ball
1-1: SINGLE (Line Drive, 8RS, EV 103.1 MPH)
Batting: LHB Esteban Morán 0-0: Ball
1-0: Ball
2-0: Ball
3-0: Called Strike
3-1: Foul Ball, location: 2F
3-2: Ground out 4-3 (Groundball, 3, EV 86.9 MPH)
Bottom of the 3rd over - 0 runs, 1 hit, 0 errors, 1 left on base; Kansas City 0 - New York (A) 0
TOP OF THE 4TH
Kansas City Royals batting - Pitching for New York (A) Yankees : RHP António Dueñas
Batting: SHB Joseph Tornatore 0-0: Called Strike
0-1: Foul Ball, location: 7LDF
0-2: Ball
1-2: Ball
2-2: Strikes out swinging
Batting: LHB Luis Díaz 0-0: Called Strike
0-1: Ball
1-1: Ball
2-1: Ball
3-1: Base on Balls
Batting: LHB Joe Jacobson 0-0: Called Strike
0-1: Called Strike
0-2: Ball
1-2: Foul Ball, location: 7LMF
1-2: Ball
2-2: 2-RUN HOME RUN (Flyball, 7LD, EV 93.1 MPH), Distance : 349 ft
Batting: LHB Tomás Rodríguez 0-0: Ball
1-0: Called Strike
1-1: Ball
2-1: Swinging Strike
2-2: Ground out 6-3 (Groundball, 4MD, EV 100.6 MPH)
Batting: RHB Jerry Hodge 0-0: Called Strike
0-1: Ball
1-1: Ball
2-1: Ground out 5-3 (Groundball, 56, EV 88.1 MPH)
Top of the 4th over - 2 runs, 1 hit, 0 errors, 0 left on base; Kansas City 2 - New York (A) 0
BOTTOM OF THE 4TH
New York (A) Yankees batting - Pitching for Kansas City Royals : RHP Ed Bunney
Batting: LHB Derek Allen 0-0: Ball
1-0: Swinging Strike
1-1: Foul Ball, location: 2F
1-2: Ball
2-2: Fly out, F9 (Line Drive, 89S, EV 97.5 MPH)
Batting: SHB Rodrigo López 0-0: Ball
1-0: Ball
2-0: Ball
3-0: SINGLE (Flyball, 9LS, EV 88.8 MPH)
Batting: RHB Gene Russell 0-0: Called Strike
0-1: Foul Ball, location: 25F
0-2: Foul Ball, location: 5F
0-2: SINGLE (Line Drive, 78M, EV 101.3 MPH)
Rodrigo López to second
Batting: RHB Benjamim Futscher 0-0: Called Strike
0-1: Foul Ball, location: 2F
0-2: Ball
1-2: Ball
2-2: Grounds into double play, 6-4-3 (Groundball, 6, EV 105.6 MPH)
Bottom of the 4th over - 0 runs, 2 hits, 0 errors, 1 left on base; Kansas City 2 - New York (A) 0
TOP OF THE 5TH
Kansas City Royals batting - Pitching for New York (A) Yankees : RHP António Dueñas
Batting: LHB Len Donovan 0-0: Ball
1-0: Swinging Strike
1-1: Fly out, F8 (Flyball, 8RM, EV 91.3 MPH)
Batting: LHB Curt Watts 0-0: Called Strike
0-1: SINGLE (Line Drive, 8LS, EV 100.0 MPH)
Batting: RHB Humberto Benizi 0-0: Called Strike
0-1: Foul Ball, location: 9LMF
0-2: Ball
1-2: Grounds into double play, 6-4-3 (Groundball, 6, EV 88.1 MPH)
Top of the 5th over - 0 runs, 1 hit, 0 errors, 0 left on base; Kansas City 2 - New York (A) 0
BOTTOM OF THE 5TH
New York (A) Yankees batting - Pitching for Kansas City Royals : RHP Ed Bunney
Batting: RHB Ron Washington 0-0: Called Strike
0-1: Ball
1-1: SINGLE (Line Drive, 78S, EV 101.3 MPH)
Batting: RHB Juan Colón 0-0: Ball
1-0: Ball
2-0: Grounds into double play, 5-4-3 (Groundball, 5S, EV 77.5 MPH)
Batting: RHB José Mendoza 0-0: Ball
1-0: Ball
2-0: Ball
3-0: Called Strike
3-1: Foul Ball, location: 2F
3-2: Strikes out looking
Bottom of the 5th over - 0 runs, 1 hit, 0 errors, 0 left on base; Kansas City 2 - New York (A) 0
TOP OF THE 6TH
Kansas City Royals batting - Pitching for New York (A) Yankees : RHP António Dueñas
Batting: LHB Kade Brown 0-0: Ball
1-0: Foul Ball, location: 3DF
1-1: Foul Ball, location: 2F
1-2: Ball
2-2: Foul Ball, location: 5DF
2-2: Strikes out swinging
Batting: SHB Joseph Tornatore 0-0: Fly out, F7 (Flyball, 7LSF, EV 92.5 MPH)
Batting: LHB Luis Díaz 0-0: Fly out, F7 (Flyball, 78M, EV 81.3 MPH)
Top of the 6th over - 0 runs, 0 hits, 0 errors, 0 left on base; Kansas City 2 - New York (A) 0
BOTTOM OF THE 6TH
New York (A) Yankees batting - Pitching for Kansas City Royals : RHP Ed Bunney
Batting: LHB Johnny Erwin 0-0: Called Strike
0-1: Called Strike
0-2: SINGLE (Line Drive, 9S, EV 105.0 MPH)
Batting: LHB Esteban Morán 0-0: Ball
1-0: Ball
2-0: Ball
3-0: Called Strike
3-1: Called Strike
3-2: Foul Ball, location: 5SF
3-2: Base on Balls
Johnny Erwin to second
Batting: LHB Derek Allen 0-0: Called Strike
0-1: Ball
1-1: Ball
2-1: Fly out, F6 (Popup, 6, EV 51.3 MPH)
Batting: SHB Rodrigo López 0-0: Ball
1-0: Foul Ball, location: 5F
1-1: Foul Ball, location: 3FF
1-2: Foul Ball, location: 5F
1-2: Ball
2-2: Fly out, F8 (Flyball, 8LD, EV 87.5 MPH)
Runner from 2nd tags up, SAFE at 3rd with throw by CF
Batting: RHB Gene Russell 0-0: Ball
1-0: Called Strike
1-1: Swinging Strike
1-2: 3-RUN HOME RUN (Flyball, 9LD, EV 93.8 MPH), Distance : 324 ft
Batting: RHB Benjamim Futscher 0-0: Ball
1-0: Foul Ball, location: 2F
1-1: Ball
2-1: Ball
3-1: Called Strike
3-2: Base on Balls
Pitching: RHP Mike Hankins
Batting: RHB Ron Washington 0-0: Ball
1-0: Ball
2-0: Ball
3-0: SINGLE (Line Drive, 7S, EV 90.6 MPH)
Benjamim Futscher to second
Batting: RHB Juan Colón 0-0: DOUBLE (Line Drive, 3D, EV 103.1 MPH)
Benjamim Futscher scores
Ron Washington to third
Batting: RHB José Mendoza 0-0: Called Strike
0-1: Ball
1-1: Ground out 5-3 (Groundball, 5, EV 80.6 MPH)
Bottom of the 6th over - 4 runs, 4 hits, 0 errors, 2 left on base; Kansas City 2 - New York (A) 4
TOP OF THE 7TH
Kansas City Royals batting - Pitching for New York (A) Yankees : RHP António Dueñas
Batting: LHB Joe Jacobson 0-0: Foul Ball, location: 2F
0-1: Ball
1-1: Ball
2-1: Ball
3-1: Foul Ball, location: 9LSFF
3-2: Fly out, F7 (Flyball, 7LM, EV 85.0 MPH)
Batting: LHB Tomás Rodríguez 0-0: Ball
1-0: Foul Ball, location: 9LSF
1-1: Ball
2-1: Ball
3-1: DOUBLE (Flyball, 78D, EV 91.9 MPH)
Batting: RHB Jerry Hodge 0-0: Called Strike
0-1: Ball
1-1: Swinging Strike
1-2: Ball
2-2: Strikes out swinging
Batting: LHB Len Donovan 0-0: Foul Ball, location: 2F
0-1: Swinging Strike
0-2: Fly out, F6 (Popup, 6MD, EV 63.1 MPH)
Top of the 7th over - 0 runs, 1 hit, 0 errors, 1 left on base; Kansas City 2 - New York (A) 4
BOTTOM OF THE 7TH
New York (A) Yankees batting - Pitching for Kansas City Royals : RHP Mike Hankins
Batting: LHB Johnny Erwin 0-0: Ball
1-0: Ground out 4-3 (Groundball, 4, EV 90.0 MPH)
Batting: LHB Esteban Morán 0-0: SOLO HOME RUN (Flyball, 7D, EV 106.3 MPH), Distance : 383 ft
Batting: LHB Derek Allen 0-0: Called Strike
0-1: Foul Ball, location: 9LMF
0-2: Ground out 6-3 (Groundball, 6M, EV 105.0 MPH)
Batting: SHB Rodrigo López 0-0: Ball
1-0: Ball
2-0: Called Strike
2-1: Called Strike
2-2: Ball
3-2: Strikes out swinging
Bottom of the 7th over - 1 run, 1 hit, 0 errors, 0 left on base; Kansas City 2 - New York (A) 5
TOP OF THE 8TH
Kansas City Royals batting - Pitching for New York (A) Yankees : RHP António Dueñas
Batting: LHB Curt Watts 0-0: Called Strike
0-1: Foul Ball, location: 25F
0-2: Ball
1-2: SINGLE (Line Drive, 34D, EV 97.5 MPH)
Batting: RHB Humberto Benizi 0-0: Swinging Strike
0-1: Ball
1-1: Ball
Wild Pitch!
Curt Watts to second
2-1: Called Strike
2-2: Strikes out looking
Pitching: LHP Nelson Acosta
Batting: LHB Kade Brown 0-0: Foul Ball, location: 3F
0-1: Foul Ball, location: 7LDF
0-2: Strikes out swinging
Batting: SHB Joseph Tornatore 0-0: Foul Ball, location: 2F
0-1: Hit by Pitch
Batting: LHB Luis Díaz 0-0: Ball
1-0: Ball
2-0: Foul Ball, location: 2F
2-1: SINGLE (Groundball, 15, EV 68.1 MPH) (infield hit)
Curt Watts to third
Joseph Tornatore to second
Batting: LHB Joe Jacobson 0-0: Called Strike
0-1: Swinging Strike
0-2: Strikes out looking
Top of the 8th over - 0 runs, 2 hits, 0 errors, 3 left on base; Kansas City 2 - New York (A) 5
BOTTOM OF THE 8TH
New York (A) Yankees batting - Pitching for Kansas City Royals : RHP Mike Hankins
Batting: RHB Gene Russell 0-0: Ball
1-0: DOUBLE (Flyball, 8LXD, EV 93.8 MPH)
Batting: RHB Benjamim Futscher 0-0: Ball
1-0: Ball
2-0: Called Strike
2-1: Called Strike
2-2: Foul Ball, location: 9LMF
2-2: Strikes out swinging
Batting: RHB Ron Washington 0-0: Foul Ball, location: 9LMF
0-1: Ball
1-1: Ball
2-1: Ball
3-1: Called Strike
3-2: Foul Ball, location: 2F
3-2: Base on Balls
Batting: RHB Juan Colón 0-0: Ball
1-0: Ball
2-0: Foul Ball, location: 2F
2-1: Foul Ball, location: 3F
2-2: Foul Ball, location: 25F
2-2: Ball
3-2: Foul Ball, location: 2F
3-2: Base on Balls
Gene Russell to third
Ron Washington to second
Pitching: RHP Christian Noonan
Batting: RHB José Mendoza 0-0: Ball
1-0: Ball
2-0: Ball
3-0: Called Strike
3-1: Base on Balls
Gene Russell scores
Ron Washington to third
Juan Colón to second
Batting: LHB Johnny Erwin 0-0: Called Strike
0-1: SINGLE (Groundball, 34S, EV 65.0 MPH) (infield hit)
Ron Washington scores
Juan Colón to third
José Mendoza to second
Batting: LHB Esteban Morán 0-0: Foul Ball, location: 5FF
0-1: Ball
1-1: Foul Ball, location: 5FF
1-2: Ball
2-2: Strikes out looking
Batting: LHB Derek Allen 0-0: Ball
1-0: Ball
2-0: Swinging Strike
2-1: Ground out 4-3 (Groundball, 4, EV 101.9 MPH)
Bottom of the 8th over - 2 runs, 2 hits, 0 errors, 3 left on base; Kansas City 2 - New York (A) 7
TOP OF THE 9TH
Kansas City Royals batting - Pitching for New York (A) Yankees : LHP Nelson Acosta
Pinch Hitting: RHB Chad Snow 0-0: Foul Ball, location: 2F
0-1: Called Strike
0-2: Ball
1-2: Foul Ball, location: 2RF
1-2: Ball
2-2: Strikes out looking
Batting: RHB Jerry Hodge 0-0: Foul Ball, location: 5FF
0-1: Ball
1-1: Called Strike
1-2: Strikes out swinging
Batting: LHB Len Donovan 0-0: Called Strike
0-1: Ball
1-1: Fly out, F7 (Flyball, 7, EV 88.1 MPH)
Top of the 9th over - 0 runs, 0 hits, 0 errors, 0 left on base; Kansas City 2 - New York (A) 7
Sunday, March 24th , 2024 - OOTP Baseball 24.10 Build 82